 Dungeon Crawl Stone Soup version 0.16.1-7-g2c6721e (webtiles) character file.

219 Shoikan the Cudgeler (level 5, -7/67 HPs)
             Began as a Minotaur Berserker on Mar 29, 2015.
             Was a Priest of Trog.
             Mangled by Menkaure (21 damage)
             ... on level 4 of the Dungeon.
             The game lasted 00:11:15 (2486 turns).

Shoikan the Cudgeler (Minotaur Berserker)           Turns: 2486, Time: 00:11:15

Health: -7/67      AC:  9    Str: 26    XL:     5   Next: 64%
Magic:  2/2        EV: 11    Int:  5    God:    Trog [***...]
Gold:   105        SH:  0    Dex: 10    Spells: 0 memorised, 4 levels left

rFire  . . .     SeeInvis .     a - +0 mace
rCold  . . .     Clarity  .     r - +0 ring mail
rNeg   . . .     SustAb   .     (no shield)
rPois  .         Gourm    .     (helmet restricted)
rElec  .         Spirit   .     (no cloak)
rCorr  .         Warding  .     (no gloves)
rMut   .         Stasis   .     (no boots)
MR     ++...                    (no amulet)
Stlth  ..........               (no ring)
                                o - +4 ring of protection

@: berserking, regenerating, very quick, very resistant to hostile enchantments,
extremely unstealthy
A: retaliatory headbutt, horns 2
a: Burn Spellbooks, Berserk, Trog's Hand, Renounce Religion


You were on level 4 of the Dungeon.
You worshipped Trog.
Trog was most pleased with you.
You were not hungry.

You visited 1 branch of the dungeon, and saw 4 of its levels.

You collected 105 gold pieces.

Inventory:

Hand weapons
 a - a +0 mace (weapon)
Missiles
 m - 5 curare-tipped needles
Armour
 r - a +0 ring mail (worn)
Jewellery
 c - a +5 ring of evasion {unknown}
 o - a +4 ring of protection (left hand)
Scrolls
 b - a scroll of fog {unknown}
 e - 2 scrolls of fear {unknown}
 i - a scroll of enchant armour {unknown}
 j - 3 scrolls of teleportation {unknown}
 k - a scroll of blinking {unknown}
 n - a scroll of immolation {unknown}
 s - 4 scrolls of remove curse {unknown}
 t - a scroll of identify {unknown}
 v - a scroll of enchant weapon {unknown}
Potions
 g - a potion of restore abilities {unknown}
 l - a potion of resistance {unknown}
 p - 2 potions of curing {unknown}
 q - a potion of heal wounds {unknown}
 u - a potion of agility {unknown}
 w - a potion of flight {unknown}
Comestibles
 d - a slice of pizza
 f - 2 meat rations
 h - 2 beef jerkies


   Skills:
 - Level 3.6 Fighting
 + Level 7.7 Maces & Flails
 - Level 2.4 Armour
 - Level 2.1 Dodging


You had 4 spell levels left.
You didn't know any spells.

Dungeon Overview and Level Annotations

Branches:
Dungeon (4/15)
 Temple: D:4-7

Altars:
Vehumet

Annotations:
D:4 Menkaure


Innate Abilities, Weirdness & Mutations

You reflexively headbutt those who attack you in melee.
You have a pair of horns on your head.


Message History

Menkaure casts a spell at you.
You barely resist. You hit Menkaure. Your headbutt misses Menkaure.
Menkaure is moderately damaged.
Menkaure calls on the powers of darkness!
Your body is wracked with pain!
You hit Menkaure. You headbutt Menkaure.
Menkaure is heavily damaged.
Menkaure gestures wildly while chanting.
Menkaure seems to speed up.
Use which ability? (? or * to list)
Your skin crawls.
You feel resistant to hostile enchantments.
You feel slightly more hungry. Menkaure hits you!
* * * LOW HITPOINT WARNING * * *
Use which ability? (? or * to list)
A red film seems to cover your vision as you go berserk!
You feel yourself moving faster!
You feel mighty!
You feel quite a bit more hungry. Menkaure hits you!!
You die...

#...........'....#
###########'##.##.#####.##
...(.....##.##+##.#######
#...............'..#
#...............#..#
+...............#..# ##
##.##.##+########.##
..####.##.##.########.#
....'...+..+$...@.....+
##.#########+###M##+###
##.### #.# .....+ ...
####.# #..## #.#######
#..# +.......+ ....
##'###### ##.# #####.####
#+#


You could see Menkaure.

Vanquished Creatures
  The ghost of xsansara the Archer, an average CeHu (D:3)
  A worker ant (D:3)
  An adder (D:3)
  2 adder skeletons (D:3)
  7 bats
  3 giant cockroaches (D:1)
  9 goblins
  8 hobgoblins
  3 jackals (D:2)
  2 kobolds
  A quokka (D:1)
  3 ball pythons
  6 giant newts
  A jackal zombie (D:3)
  5 rats
53 creatures vanquished.

Notes
Turn   | Place    | Note
--------------------------------------------------------------
     0 | D:1      | Shoikan, the Minotaur Berserker, began the quest for the Orb.
     0 | D:1      | Reached XP level 1. HP: 19/19 MP: 1/1
    66 | D:1      | Reached skill level 4 in Maces & Flails
   185 | D:1      | Reached XP level 2. HP: 26/26 MP: 1/1
   450 | D:1      | Acquired Trog's second power
   512 | D:1      | Reached skill level 5 in Maces & Flails
   917 | D:2      | Reached XP level 3. HP: 31/31 MP: 2/2
   954 | D:2      | Found a radiant altar of Vehumet.
  1601 | D:3      | Reached XP level 4. HP: 37/39 MP: 2/2
  1780 | D:3      | Reached skill level 6 in Maces & Flails
  1999 | D:3      | Noticed xsansara's ghost (average CeHu)
  2014 | D:3      | Killed xsansara's ghost
  2014 | D:3      | Reached skill level 7 in Maces & Flails
  2014 | D:3      | Reached XP level 5. HP: 26/45 MP: 2/2
  2475 | D:4      | Noticed Menkaure
  2486 | D:4      | Mangled by Menkaure

Action                   |  1- 3 |  4- 6 || total
-------------------------+-------+-------++-------
Melee: Mace              |    87 |    30 ||   117
Invok: Berserk           |       |     1 ||     1
       Trog's Hand       |       |     1 ||     1
  Eat: Chunk             |     1 |       ||     1
       Bread ration      |       |     1 ||     1
